 Dungeon Crawl Stone Soup version 0.24.1-8-ga250c9d538 (webtiles) character file.

Game seed: 17071721177692779247, levelgen mode: deterministic

257 Brecoman the Chopper (level 5, 41/41 HPs)
             Began as a Demonspawn Gladiator on Apr 11, 2020.
             Quit the game in the Ecumenical Temple on May 3, 2020.
             The game lasted 00:08:51 (2536 turns).

Brecoman the Chopper (Demonspawn Gladiator)         Turns: 2536, Time: 00:08:52

Health: 41/41      AC:  7    Str: 16    XL:     5   Next: 93%
Magic:  5/5        EV:  8    Int:  6    God:
Gold:   107        SH:  0    Dex: 14    Spells: 4/4 levels left

rFire    . . .     SeeInvis .   a - +0 war axe
rCold    . . .     Gourm    .   (no shield)
rNeg     . . .     Faith    .   m - +0 scale mail
rPois    .         Spirit   .   c - +0 helmet
rElec    .         Reflect  .   (no cloak)
rCorr    .         Harm     .   (no gloves)
MR       .....                  (no boots)
Stlth    ..........             (no amulet)
HPRegen  0.13/turn              l - -3 ring of intelligence (curse)
MPRegen  0.09/turn              y - -3 ring of evasion (curse)

@: no status effects
A: demonic guardian 1
a: no special abilities


You were in the Ecumenical Temple.
You were not hungry.

You visited 2 branches of the dungeon, and saw 4 of its levels.

You collected 107 gold pieces.

Inventory:

Hand Weapons
 a - a +0 war axe (weapon)
Missiles
 d - 3 throwing nets (quivered)
 k - 13 stones
Armour
 b - a +0 leather armour
 c - a +0 helmet (worn)
 m - a +0 scale mail (worn)
Jewellery
 l - a cursed -3 ring of intelligence (left hand)
 y - a cursed -3 ring of evasion (right hand)
Scrolls
 o - a scroll of teleportation
 r - a scroll of amnesia {unknown}
 s - a scroll of fog {unknown}
 u - a scroll of enchant weapon {unknown}
 x - a scroll of remove curse {unknown}
Potions
 e - 2 potions of heal wounds {unknown}
 g - a potion of haste {unknown}
 h - 2 potions of mutation
 i - 3 potions of curing
 t - a potion of ambrosia {unknown}
 w - 2 potions of brilliance
Comestibles
 f - 3 rations


   Skills:
 + Level 3.6 Fighting
 + Level 3.9 Axes
 - Level 1.7 Throwing
 + Level 2.0 Armour
 + Level 3.9 Dodging


You had 4 spell levels left.
You didn't know any spells.
Your spell library was empty.

Dungeon Overview and Level Annotations

Branches:
Dungeon (4/15)             Temple (1/1) D:4

Altars:
Ashenzari
Gozag
Kikubaaqudgha
Trog
Vehumet
Xom
Yredelemnul


Innate Abilities, Weirdness & Mutations

A weak demonic guardian rushes to your aid.


Message History

Found an opulent altar of Gozag.
Found a shattered altar of Ashenzari and a bloodstained altar of Trog.
Found an ancient bone altar of Kikubaaqudgha.
Found a radiant altar of Vehumet.
Found a basalt altar of Yredelemnul.
Found a shimmering altar of Xom.
Welcome back, Brecoman the Demonspawn Gladiator.
Press ? for a list of commands and other information.
Welcome back, Brecoman the Demonspawn Gladiator.
Press ? for a list of commands and other information.
Save game and exit?
Welcome back, Brecoman the Demonspawn Gladiator.
Press ? for a list of commands and other information.
Welcome back, Brecoman the Demonspawn Gladiator.
Press ? for a list of commands and other information.
Save game and exit?
Okay, then.
Quiver which item? (- for none, * to show all) (? for menu, Esc to quit)
Okay, then.
Are you sure you want to abandon this character and quit the game? (Confirm with "yes".)

.............≈≈.......
............≈≈.......#
≈≈≈≈≈≈......≈.......#
...≈≈≈≈≈≈..........#
.....≈≈≈≈≈≈...._..##
≈≈......≈≈≈≈.......##
.≈≈≈......≈≈≈.......##
..≈≈≈......≈≈≈.......##
..≈≈≈≈...≈..≈≈≈.@.....#
..≈≈≈...≈≈._.≈≈≈.......#
.≈≈≈...≈≈≈≈≈≈≈≈≈≈.......
≈≈≈. ...................
._.............._.
.................
################


There were no monsters in sight!

Vanquished Creatures
  A hound (D:4)
  3 adders (D:2)
  A worm (D:4)
  3 dart slugs (D:1)
  7 goblins
  7 hobgoblins
  8 jackals
  6 bats
  8 frilled lizards
  A jackal skeleton (D:4)
  9 kobolds
  7 rats
61 creatures vanquished.

Vanquished Creatures (collateral kills)
  Sigmund (D:2)
  3 gnolls (D:2)
  A goblin (D:2)
5 creatures vanquished.

Grand Total: 66 creatures vanquished

Notes
Turn   | Place    | Note
-------+----------+-------------------------------------------
     0 | D:1      | Brecoman the Demonspawn Gladiator began the quest for the
                  | Orb.
     0 | D:1      | Reached XP level 1. HP: 16/16 MP: 1/1
   271 | D:1      | Gained mutation: A weak demonic guardian rushes to your
                  | aid. [demonic ancestry]
   271 | D:1      | Reached XP level 2. HP: 22/22 MP: 2/2
   626 | D:1      | Reached XP level 3. HP: 28/28 MP: 3/3
  1415 | D:2      | Reached XP level 4. HP: 25/34 MP: 4/4
  1596 | D:2      | Reached skill level 1 in Armour
  1848 | D:2      | Noticed Sigmund
  1883 | D:2      | Killed Sigmund
  1883 | D:2      | Reached XP level 5. HP: 10/41 MP: 5/5
  2261 | D:2      | You fall into a shaft and drop 2 floors!
  2461 | D:4      | Noticed an ogre
  2509 | D:4      | Found a staircase to the Ecumenical Temple.
  2513 | Temple   | Entered the Ecumenical Temple
  2536 | Temple   | Upgraded the game from 0.24.1-1-gd1d2a07e1b to
                  | 0.24.1-4-ge52af88ad5
  2536 | Temple   | Upgraded the game from 0.24.1-4-ge52af88ad5 to
                  | 0.24.1-5-g77f818bfca
  2536 | Temple   | Upgraded the game from 0.24.1-5-g77f818bfca to
                  | 0.24.1-8-ga250c9d538
  2536 | Temple   | Quit the game

Levels and vault maps discovered:
D:1:      psy_arrival_fountain, layout_basic, minmay_hedge_maze
D:2:      layout_loops_ring, st_stairs_3, kennysheep_crisscross,
          kennysheep_potato, uniq_sigmund
D:4:      layout_basic, minmay_temple_entry_grid, first_ration,
          minmay_goblin_outpost
Temple:   hc_temple_tempest_star

Skill      XL: |  1  2  3  4  5 |
---------------+----------------+-----
Axes           | 3 |  3.9
Dodging        | 3 |  3.9
Armour         | 1 2 |  2.0
Fighting       | 3 |  3.6
Throwing       | |  1.7

Action                   |  1- 3 |  4- 6 || total
-------------------------+-------+-------++-------
Melee: War axe           |    84 |    91 ||   175
Throw: Throwing net      |       |     2 ||     2
  Use: Scroll            |       |     7 ||     7
  Eat: Chunk             |       |     5 ||     5
Armor: Leather armour    |    14 |       ||    14
       Scale mail        |    16 |    40 ||    56
Dodge: Dodged            |    51 |    78 ||   129
